 Dungeon Crawl Stone Soup version 0.29.1-1-gd02db69 (webtiles) character file.

Game seed: 11092576917158582849

697 Kel the Grappler (level 7, 0/58 (66) HPs)
             Began as a Troll Berserker on Mar 21, 2023.
             Was a Priest of Trog.
             Slain by a wight
             ... wielding a +4 spear
              (2 damage)
             ... on level 5 of the Dungeon.
             The game lasted 00:04:52 (3227 turns).

Kel the Grappler (Troll Berserker)                  Turns: 3227, Time: 00:04:53

HP:   0/58 (66)     AC:  8    Str: 33    XL:     7   Next: 38%
MP:   6/6           EV: 10    Int:  7    God:    Trog [***...]
Gold: 245           SH:  0    Dex:  8    Spells: 6/6 levels left

rFire   . . .      SeeInvis .     - Unarmed
rCold   . . .      Faith    .   (no shield)
rNeg    . . .      Spirit   .   a - +0 animal skin
rPois   .          Reflect  .   (helmet restricted)
rElec   .          Harm     .   (no cloak)
rCorr   .          Rampage  .   (gloves unavailable)
Will    .....      Clarity  +   (boots unavailable)
Stlth   +.........              (no amulet)
HPRegen 0.99/turn               p - +4 ring of protection
MPRegen 0.10/turn               o - +6 ring of strength

@: about to teleport, on berserk cooldown, slowed, heavily drained, very slow
A: large, unfitting armour, claws 3, regeneration 1, shaggy fur 1, tough skin 1,
clarity, clever 1, inability to read after injury 1
a: Renounce Religion, Berserk, Trog's Hand


You were on level 5 of the Dungeon.
You worshipped Trog.
Trog was most pleased with you.
You visited 1 branch of the dungeon, and saw 5 of its levels.

You collected 245 gold pieces.

Inventory:

Missiles
 g - a throwing net (quivered)
Armour
 a - a +0 animal skin (worn)
Jewellery
 i - a ring of willpower
 m - a ring of see invisible
 o - a +6 ring of strength (right claw)
 p - a +4 ring of protection (left claw)
 r - a ring of fire
Scrolls
 c - a scroll of enchant weapon {unknown}
 e - 2 scrolls of blinking {unknown}
 f - 4 scrolls of teleportation
 h - 3 scrolls of immolation {unknown}
 k - 5 scrolls of identify {unknown}
 q - 2 scrolls of fog {unknown}
Potions
 b - 2 potions of heal wounds {unknown}
 d - 3 potions of attraction {unknown}
 j - 3 potions of mutation
 l - 2 potions of curing {unknown}
 n - a potion of brilliance {unknown}
 s - a potion of might {unknown}


   Skills:
 - Level 2.4 Fighting
 - Level 3.2 Dodging
 + Level 8.3 Unarmed Combat


You had 6 spell levels left.
You didn't know any spells.
Your spell library was empty.

Dungeon Overview and Level Annotations

Branches:
Dungeon (5/15)             Temple (0/1) D:5

Altars:
Elyvilon
Makhleb
Trog
Vehumet
Yredelemnul


Innate Abilities, Weirdness & Mutations

You are too large for most types of armour.
You have claws for hands.
Your natural rate of healing is unusually fast.
You are covered in fur. (AC +1)
You have tough skin. (AC +1)
You possess an exceptional clarity of mind.
Your mind is acute. (Int +4, Str/Dex -1)
You occasionally lose the ability to read scrolls when taking damage.


Message History

You feel yourself slow down. The wight closely misses you.
You closely miss the wight.
The wight is severely damaged.
You scratch the wight.
The wight is moderately damaged.
You claw the wight!
The wight is severely damaged.
The wight misses you. The wight hits you with a +0 hand axe!
You feel drained. The wight barely misses you.
The wight hits you from afar with a +4 spear.
You scratch the wight but do no damage.
The wight is severely damaged.
The wight hits you but does no damage.
The wight hits you with a +0 long sword!
You feel drained.
The wight hits you from afar with a +4 spear.
As you read the scroll labelled BITESI ZUKUWI, it crumbles to dust.
You feel strangely unstable.
It was a scroll of teleportation.
The wight hits you with a +3 dagger! The wight closely misses you.
The wight barely misses you.
The wight hits you from afar with a +4 spear.
You feel drained.
It was a potion of mutation.
You feel extremely strange.
You occasionally lose the ability to read scrolls when taking damage.
Your thoughts seem clearer.
You feel clever.
The wight hits you with a +0 long sword.
* * * LOW HITPOINT WARNING * * *
The wight hits you but does no damage.
The wight hits you from afar with a +4 spear.
* * * LOW HITPOINT WARNING * * *
You feel drained. The wight hits you with a +0 hand axe.
* * * LOW HITPOINT WARNING * * *
You feel drained.
* * * LOW HITPOINT WARNING * * *
The wight misses you. The wight barely misses you.
The wight closely misses you.
The wight hits you from afar with a +4 spear.
* * * LOW HITPOINT WARNING * * *
You feel drained.
You die...

#...........#
##.......>..##
#..........##
##.#.......##
#..##.....##
###./####..##
##.....######
#....zzz###
####.@z...#
#..##....# #
#### #.....
...#### #....
......† ##..
....... ..
......#
......#
.......
...###.


You could see 4 wights.

Vanquished Creatures
  A water moccasin (D:5)
  An ogre (D:5)
  A phantom (D:5)
  An orc priest (D:5)
  4 hounds
  A jelly (D:5)
  3 iguanas (D:5)
  3 gnolls (D:4)
  6 adders
  A white imp (D:5)
  2 worms
  3 dart slugs
  6 orcs
  4 endoplasms
  3 giant cockroaches
  4 goblins
  8 hobgoblins
  5 jackals
  7 kobolds
  5 quokkas
  5 ball pythons
  5 bats
  A frilled lizard (D:1)
  5 rats
85 creatures vanquished.

Notes
Turn   | Place    | Note
-------+----------+-------------------------------------------
     0 | D:1      | Kel the Troll Berserker began the quest for the Orb.
     0 | D:1      | Reached XP level 1. HP: 22/22 MP: 0/0
    13 | D:1      | Found a faded altar of an unknown god.
   104 | D:1      | Reached XP level 2. HP: 29/29 MP: 1/1
   696 | D:2      | Reached XP level 3. HP: 36/36 MP: 2/2
   745 | D:2      | Reached ** piety under Trog
   973 | D:2      | Reached skill level 4 in Unarmed Combat
  1355 | D:3      | Reached XP level 4. HP: 31/44 MP: 3/3
  1543 | D:3      | Found a white marble altar of Elyvilon.
  1657 | D:3      | Found a bloodstained altar of Trog.
  1997 | D:4      | Found a basalt altar of Yredelemnul.
  2276 | D:4      | Reached skill level 5 in Unarmed Combat
  2278 | D:4      | Reached XP level 5. HP: 49/50 MP: 4/4
  2450 | D:4      | Found a radiant altar of Vehumet.
  2462 | D:4      | Reached skill level 6 in Unarmed Combat
  2595 | D:4      | Found a burning altar of Makhleb.
  2631 | D:5      | Entered Level 5 of the Dungeon
  2631 | D:5      | Found a staircase to the Ecumenical Temple.
  2726 | D:5      | Reached XP level 6. HP: 33/59 MP: 5/5
  2761 | D:5      | Reached *** piety under Trog
  2900 | D:5      | Reached skill level 7 in Unarmed Combat
  3015 | D:5      | Noticed a water moccasin
  3021 | D:5      | Killed a water moccasin
  3022 | D:5      | Reached skill level 8 in Unarmed Combat
  3022 | D:5      | Reached XP level 7. HP: 61/66 MP: 6/6
  3227 | D:5      | Gained mutation: You occasionally lose the ability to read
                  | scrolls when taking damage. [potion of mutation]
  3227 | D:5      | Gained mutation: You possess an exceptional clarity of
                  | mind. [potion of mutation]
  3227 | D:5      | Gained mutation: Your mind is acute. (Int +4, Str/Dex -1)
                  | [potion of mutation]
  3227 | D:5      | HP: 2/59 [wight/+4 spear (4)]
  3227 | D:5      | Slain by a wight

Illustrated notes

Levels and vault maps discovered:
D:1:      dpeg_arrival_fog, layout_loops_ring,
          hellmonk_ecumenical_altar_dog_temple
D:2:      layout_basic
D:3:      layout_basic, mainiacjoe_overflow_catch_the_wave
D:4:      layout_loops_ring, mainiacjoe_overflow_alcove_2,
          nicolae_vehumet_radiance, mainiacjoe_overflow_tiny_flanked,
          minmay_misc_feat_four_crosses, kennysheep_generic_room_15
D:5:      layout_cave_pods, mainiacjoe_overflow_boulevard, temple_statues

Skill      XL: |  1  2  3  4  5  6 |
---------------+-------------------+-----
Dodging        | 3 |  3.2
Unarmed Combat | 4 5 6 8 |  8.3
Fighting       | |  2.4

Action                   |  1- 3 |  4- 6 |  7- 9 || total
-------------------------+-------+-------+-------++-------
Melee: Unarmed           |   111 |   119 |    16 ||   246
       Punch             |     3 |     2 |       ||     5
Invok: Berserk           |       |       |     1 ||     1
  Use: Scroll            |       |       |     1 ||     1
       Potion            |       |       |     1 ||     1
Armor: Animal skin       |    50 |    57 |     3 ||   110
Dodge: Dodged            |    49 |    41 |    16 ||   106
